[Event "Team 45 45 League T60"]
[Site "Internet Chess Club"]
[Date "2014.04.06"]
[Round "6"]
[White "JOFRAN"]
[Black "stanbeers"]
[Result "0-1"]
[WhiteElo "1221"]
[BlackElo "1506"]
[Opening "Philidor's defense"]
[ECO "C41"]
[Time "20:00:29"]
[TimeControl "2700+45"]

1. e4 e5 2. Nf3 d6 3. Bc4 h6 4. c3 Nf6 5. d3 Be7 6. O-O c6 7. Re1 Bg4 8. h3 Bh5
9. Nbd2 Nbd7 10. Qe2 Qc7 11. Qe3 d5 12. exd5 cxd5 13. Bb5 Bxf3 14. Nxf3 O-O 15.
Nxe5 Nxe5 16. Qxe5 Bd6 17. Qe3 a6 18. Ba4 b5 19. Bb3 Rae8 20. Qd2 Rxe1+ 21. Qxe1
Re8 22. Be3 Qe7 23. Qd2 Qe5 24. g3 Qf5 25. Kg2 a5 26. Re1 a4 27. Bc2 Bb8 28. d4
Ne4 29. f3 Nxd2 30. Bxf5 Nc4 31. b4 Rxe3 32. Rxe3 Nxe3+ 33. Kf2 Nxf5 34. Ke2
Nxg3+ 35. Ke3 Kh7 36. h4 Kg6 37. Kf2 Kh5 {White resigns} 0-1

[Event "Team 45 45 League T60"]
[Site "Internet Chess Club"]
[Date "2014.04.06"]
[Round "6"]
[White "AdithJosh"]
[Black "Electryon"]
[Result "0-1"]
[WhiteElo "1437"]
[BlackElo "1499"]
[Opening "French: advance, Euwe variation"]
[ECO "C02"]
[Time "15:08:57"]
[TimeControl "2700+45"]

1. e4 e6 2. d4 d5 3. e5 c5 4. c3 Nc6 5. Nf3 Bd7 6. a3 c4 7. Nbd2 f6 8. g3 fxe5
9. Nxe5 Nf6 10. Ndf3 Be7 11. Bg2 Qc7 12. Bf4 Bd6 13. Qd2 Rf8 14. O-O O-O-O 15.
Rfe1 Ne4 16. Qc1 h6 17. Ng6 Bxf4 18. Nxf4 g5 19. Ne2 e5 20. dxe5 Nxe5 21. Nxe5
Qxe5 22. Bxe4 Qxe4 23. Nf4 Qf5 24. Ng2 Qxf2+ 25. Kh1 Bh3 26. Rg1 Rde8 27. Qf1
Re2 28. Rd1 Qxf1 29. Rdxf1 Rxf1 30. Rxf1 Bxg2+ 31. Kg1 Bxf1 32. Kxf1 Rxh2 33.
Ke1 Rxb2 34. g4 Kd7 35. Kd1 Ke6 36. Kc1 Rh2 37. Kb1 Ke5 38. a4 Kf4 39. a5 Kxg4
40. a6 bxa6 41. Kc1 Kf3 42. Kd1 Ke3 43. Ke1 Rh1# {White checkmated} 0-1

[Event "Team 45 45 League T60"]
[Site "Internet Chess Club"]
[Date "2014.04.08"]
[Round "6"]
[White "seattleblues"]
[Black "Jet1234"]
[Result "1-0"]
[WhiteElo "1491"]
[BlackElo "1396"]
[Opening "Queen's pawn game"]
[ECO "A46"]
[Time "18:56:35"]
[TimeControl "2700+45"]

1. d4 Nf6 2. Nf3 e6 3. Bf4 Nc6 4. e3 Ne4 5. Nbd2 Nxd2 6. Qxd2 Be7 7. c3 O-O 8.
Bd3 Re8 9. O-O b6 10. Bc2 Ba6 11. Rfe1 d6 12. e4 e5 13. Bg3 exd4 14. cxd4 d5 15.
a3 dxe4 16. Bxe4 Bb7 17. Rac1 Nxd4 18. Nxd4 Bxe4 19. Rxe4 f5 20. Re2 g6 21. h3
Bg5 22. Rxe8+ Qxe8 23. Qxg5 Rd8 24. Nxf5 Rd5 25. Ne7+ Kg7 26. Nxd5 Qe6 27. Rxc7+
Kh8 28. Qd8+ Qg8 29. Be5# {Black checkmated} 1-0

[Event "Team 45 45 League T60"]
[Site "Internet Chess Club"]
[Date "2014.04.07"]
[Round "6"]
[White "sanjay2000"]
[Black "ChessMaine"]
[Result "1-0"]
[WhiteElo "1420"]
[BlackElo "1497"]
[Opening "French: advance variation"]
[ECO "C02"]
[Time "20:00:27"]
[TimeControl "2700+45"]

1. e4 e6 2. d4 d5 3. e5 c5 4. c3 Qb6 5. a3 cxd4 6. cxd4 Nc6 7. Nf3 Bd7 8. Nc3
Nge7 9. Na4 Qc7 10. g3 Nf5 11. Bg2 b5 12. Nc3 Qb6 13. Ne2 Be7 14. Qd3 Qa5+ 15.
Bd2 Bb4 16. Rc1 Bxd2+ 17. Nxd2 Qb6 18. Nb3 Na5 19. Nxa5 Qxa5+ 20. Qc3 Qxc3+ 21.
Rxc3 Ne7 22. Rc7 Nc6 23. h4 Kd8 24. Rxc6 Bxc6 25. Kd2 Ke7 26. Nf4 b4 27. axb4
Bb5 28. Ra1 Rhc8 29. b3 Rc7 30. Bxd5 Rac8 31. Bc4 Bxc4 32. bxc4 Rxc4 33. Rxa7+
R4c7 34. Rxc7+ Rxc7 35. b5 Rb7 36. Nh5 g6 37. Nf6 h5 38. Ke3 Rxb5 39. f3 Rb3+
40. Ke4 Rb1 41. d5 Re1+ 42. Kf4 exd5 43. Nxd5+ Ke6 44. Nc7+ Kd7 45. Nb5 Ke6 46.
Nc7+ Kd7 47. Nb5 Kc6 48. Nd6 f6 49. Ne4 fxe5+ 50. Kxe5 Re3 51. Kf6 Rxf3+ 52.
Kxg6 Re3 53. Kf5 Ra3 54. Kg5 Ra5+ 55. Kg6 Ra4 56. Nf6 Ra5 57. Nxh5 Ra3 58. g4
Kd6 59. Nf6 Ke7 60. h5 Rh3 61. h6 Rxh6+ 62. Kxh6 Kxf6 63. g5+ Kf7 64. Kh7 Kf8
65. g6 {Black resigns} 1-0

[Event "Team 45 45 League T60"]
[Site "Internet Chess Club"]
[Date "2014.04.05"]
[Round "6"]
[White "Conjurer"]
[Black "chesschessboy"]
[Result "0-1"]
[WhiteElo "1188"]
[BlackElo "1416"]
[Opening "English: Bremen system, Keres variation"]
[ECO "A23"]
[Time "13:03:31"]
[TimeControl "2700+45"]

1. c4 e5 2. Nc3 Nf6 3. g3 c6 4. Bg2 d5 5. e3 Be6 6. Nge2 Bc5 7. d4 exd4 8. cxd5
dxc3 9. dxe6 Qxd1+ 10. Kxd1 cxb2 11. exf7+ Kxf7 12. Bxb2 Rd8+ 13. Kc2 Nbd7 14.
Rhd1 Nb6 15. Rac1 Kg8 16. Nd4 Ng4 17. Ne6 Rxd1 18. Rxd1 Bf8 19. Rd2 Re8 20. Nd8
Nc4 21. Rd4 Nge5 22. Bc3 Nd6 23. f4 Ng6 24. Nxb7 Nxb7 25. Bxc6 Rb8 26. Rd7 Nc5
27. Bd5+ Kh8 28. Rxa7 Rd8 29. e4 Re8 30. e5 Ne7 31. Bc4 Nf5 32. Kd2 Ne4+ 33. Kd3
Nxc3 34. Kxc3 Rc8 35. Kd3 Bc5 36. Be6 Rd8+ 37. Ke4 Nxg3+ 38. hxg3 Bxa7 39. f5
Rd4+ 40. Kf3 Bb8 41. f6 g5 42. f7 Kg7 {White resigns} 0-1

[Event "Team 45 45 League T60"]
[Site "Internet Chess Club"]
[Date "2014.04.03"]
[Round "6"]
[White "rookmaster23"]
[Black "Zyme"]
[Result "1-0"]
[WhiteElo "1609"]
[BlackElo "1379"]
[Opening "French: Marshall variation"]
[ECO "C10"]
[Time "21:00:32"]
[TimeControl "2700+45"]

1. e4 e6 2. d4 d5 3. Nc3 c5 4. dxc5 Nf6 5. exd5 exd5 6. Bb5+ Nc6 7. Bg5 Be7 8.
Bxf6 Bxf6 9. Qe2+ Be6 10. Nf3 Bxc3+ 11. bxc3 O-O 12. O-O a6 13. Ba4 Rc8 14. Nd4
Qa5 15. Bxc6 bxc6 16. Nxe6 fxe6 17. Qxe6+ Kh8 18. Qe3 Rce8 19. Qd4 Re4 20. Qd2
Qxc5 21. Rae1 Rfe8 22. Rxe4 Rxe4 23. Re1 Qe7 24. Kf1 Kg8 25. Rxe4 Qxe4 26. Qe2
Qxe2+ 27. Kxe2 Kf7 28. Kd3 c5 29. c4 d4 30. Ke4 Ke6 31. f4 g6 32. g4 h6 33. f5+
gxf5+ 34. gxf5+ Kf6 35. Kd5 Kxf5 36. Kxc5 Ke6 37. Kxd4 Kd6 38. c5+ Kc6 39. Kc4
h5 40. h4 Kc7 41. Kd5 Kd7 42. c6+ Kc7 43. Kc5 a5 44. a4 Kc8 45. Kb6 Kb8 46. c7+
Kc8 47. c4 Kd7 48. Kb7 {Black resigns} 1-0

[Event "Team 45 45 League T60"]
[Site "Internet Chess Club"]
[Date "2014.04.05"]
[Round "6"]
[White "Toalla"]
[Black "conrad9"]
[Result "1-0"]
[WhiteElo "1275"]
[BlackElo "1365"]
[Opening "French: Schlechter variation"]
[ECO "C01"]
[Time "15:02:22"]
[TimeControl "2700+45"]

1. d4 e6 2. e4 d5 3. Bd3 Nf6 4. e5 Nfd7 5. c3 c5 6. Nf3 Nc6 7. O-O Qb6 8. Bc2
cxd4 9. cxd4 Be7 10. Nc3 Nf8 11. a3 Ng6 12. Na4 Qc7 13. Re1 Bd7 14. b4 O-O 15.
Be3 b6 16. Rc1 Qd8 17. Nc3 f6 18. Bxg6 hxg6 19. Ne2 Kf7 20. Qd3 Rh8 21. Ng3 f5
22. Qd2 Bh4 23. Bg5 Bxg5 24. Nxg5+ Ke7 25. Ne2 Rh6 26. Nc3 Qh8 27. h3 Nd8 28. a4
Nf7 29. b5 Qd8 30. Ne2 Nxg5 31. Qxg5+ Kf8 32. Qxd8+ Rxd8 33. Rc7 Ke7 34. Rec1
Ra8 35. R1c6 Rhh8 36. Nf4 Rhc8 37. Rxc8 Rxc8 38. Rxc8 Bxc8 39. Nxg6+ Kf7 40.
Nh8+ Ke7 41. f4 a6 42. g4 fxg4 43. hxg4 axb5 44. axb5 Bd7 45. Ng6+ Kd8 46. Nf8
Bxb5 47. Nxe6+ Ke7 48. Nxg7 Bc4 49. g5 b5 50. Nf5+ Kf7 51. Nd6+ Kf8 52. e6 b4
53. f5 b3 54. f6 b2 55. e7+ Kg8 56. e8=Q+ Kh7 57. g6+ Kh6 58. Qe3+ Kxg6 59. Qg3+
Kxf6 60. Qe5+ Kg6 {Black resigns} 1-0

[Event "Team 45 45 League T60"]
[Site "Internet Chess Club"]
[Date "2014.04.06"]
[Round "6"]
[White "artspir"]
[Black "ffplayer"]
[Result "1-0"]
[WhiteElo "1258"]
[BlackElo "1128"]
[Opening "Queen's bishop game"]
[ECO "D02"]
[Time "19:00:36"]
[TimeControl "2700+45"]

1. d4 d5 2. Nf3 Nf6 3. Bf4 Bg4 4. Ne5 Bh5 5. Nd2 Nbd7 6. f3 Nxe5 7. Bxe5 e6 8.
c3 Bg6 9. e3 Bd6 10. Bxd6 Qxd6 11. Be2 O-O 12. O-O Rfe8 13. c4 c6 14. c5 Qc7 15.
b4 e5 16. dxe5 Rxe5 17. Qb3 Rae8 18. e4 dxe4 19. f4 Rh5 20. Bxh5 Nxh5 21. f5 e3
22. fxg6 hxg6 23. Rae1 e2 24. Rf2 Nf4 25. Nf3 g5 26. Nxg5 Re5 27. Rxf4 Re7 28.
Qh3 f6 29. Qh7+ {Black resigns} 1-0

[Event "Team 45 45 League T60"]
[Site "Internet Chess Club"]
[Date "2014.04.07"]
[Round "6"]
[White "Shaggy88"]
[Black "rodeo"]
[Result "1-0"]
[WhiteElo "1672"]
[BlackElo "1422"]
[Opening "Sicilian: Hungarian variation"]
[ECO "B27"]
[Time "16:01:03"]
[TimeControl "2700+45"]

1. e4 c5 2. Nf3 g6 3. Bc4 Bg7 4. Nc3 e6 5. d4 cxd4 6. Nxd4 Ne7 7. O-O O-O 8. Bg5
a6 9. Nf3 f6 10. Bf4 Nbc6 11. Bd6 b5 12. Be2 Bb7 13. Qd3 Rc8 14. Rfd1 Re8 15.
Rab1 Na5 16. Bb4 d5 17. a4 Rc4 18. Bxa5 Qxa5 19. axb5 axb5 20. Qd2 Rcc8 21. Bxb5
Red8 22. Nxd5 Qxb5 23. Nxe7+ Kf7 24. Nd4 Qb6 25. Nxc8 Bxc8 26. Qe3 {Black
resigns} 1-0

[Event "Team 45 45 League T60"]
[Site "Internet Chess Club"]
[Date "2014.04.07"]
[Round "6"]
[White "JeffH"]
[Black "stanbeers"]
[Result "1-0"]
[WhiteElo "1660"]
[BlackElo "1496"]
[Opening "French: exchange variation"]
[ECO "C01"]
[Time "20:00:18"]
[TimeControl "2700+45"]

1. e4 e6 2. d4 d5 3. exd5 exd5 4. c4 Nf6 5. Nc3 Be7 6. Nf3 O-O 7. cxd5 Nxd5 8.
Bc4 Nxc3 9. bxc3 Bg4 10. O-O a6 11. a4 Nc6 12. Bf4 Na5 13. Be2 Re8 14. Re1 Be6
15. Rb1 b6 16. Qc2 Bc4 17. Ne5 Bxe2 18. Qxe2 Qd5 19. Qg4 Bf6 20. Nd7 Be7 21. Bh6
f5 22. Qxg7# {Black checkmated} 1-0

[Event "Team 45 45 League T60"]
[Site "Internet Chess Club"]
[Date "2014.04.03"]
[Round "6"]
[White "oldprez"]
[Black "Chess4Him"]
[Result "0-1"]
[WhiteElo "1357"]
[BlackElo "1500"]
[Opening "Robatsch (modern) defense"]
[ECO "B06"]
[Time "14:00:10"]
[TimeControl "2700+45"]

1. e4 g6 2. d4 Bg7 3. e5 d6 4. Nf3 dxe5 5. dxe5 Qxd1+ 6. Kxd1 Bg4 7. Be2 Nc6 8.
h3 O-O-O+ 9. Ke1 Bxf3 10. Bxf3 Nxe5 11. Nc3 Nxf3+ 12. gxf3 Nh6 13. Be3 Kb8 14.
Rb1 Nf5 15. Bf4 Nd4 16. Kf1 Nxf3 17. Nb5 Be5 18. Kg2 Nh4+ 19. Kg3 Nf5+ 20. Kg4
h5+ 21. Kf3 Bxf4 22. Kxf4 a6 23. Na3 Rd4+ 24. Kf3 Rhd8 25. Rhe1 e6 26. Re4 Nh4+
27. Ke3 Nf5+ 28. Kf3 Rxe4 29. Kxe4 Rd4+ 30. Kf3 Rh4 31. Kg2 b5 32. c3 c5 33. Nc2
Kc7 34. Rd1 Ra4 35. a3 Re4 36. Kf3 Rh4 37. Kg2 Nd6 38. b4 Ne4 39. bxc5 Rxh3 40.
Kxh3 Nxf2+ 41. Kg2 Nxd1 42. Nb4 a5 43. Na2 Kc6 44. Kf3 Kxc5 45. Ke2 Nb2 46. Nc1
Kc4 47. Kd2 h4 48. Kc2 Na4 49. Ne2 h3 {White resigns} 0-1

[Event "Team 45 45 League T60"]
[Site "Internet Chess Club"]
[Date "2014.04.05"]
[Round "6"]
[White "RobertBuice"]
[Black "Fogbound"]
[Result "1-0"]
[WhiteElo "1084"]
[BlackElo "1271"]
[Opening "QGD: Albin counter-gambit"]
[ECO "D08"]
[Time "08:00:34"]
[TimeControl "2700+45"]

1. d4 d5 2. c4 e5 3. dxe5 d4 4. Nf3 Nc6 5. e4 Bg4 6. Be2 Bxf3 7. Bxf3 Nxe5 8.
Qb3 Bb4+ 9. Bd2 Bc5 10. Qb5+ Nd7 11. Bg4 Nf6 12. e5 Nxg4 13. Bf4 O-O 14. Qxb7
Rb8 15. Qf3 Nxf2 16. Qxf2 d3 17. Qd2 Nxe5 18. Bxe5 Re8 19. Qf4 Bd6 20. O-O Bxe5
21. Qxf7+ Kh8 22. Nc3 Rxb2 23. Rae1 Bd4+ 24. Kh1 Rbe2 25. Nxe2 Bc5 26. Nf4 Rg8
27. Re5 d2 28. Ng6+ hxg6 29. Rh5+ {Black resigns} 1-0

[Event "Team 45 45 League T60"]
[Site "Internet Chess Club"]
[Date "2014.04.05"]
[Round "6"]
[White "Littlemon"]
[Black "Bible-Believer"]
[Result "1-0"]
[WhiteElo "1502"]
[BlackElo "1546"]
[Opening "Grünfeld: modern exchange variation"]
[ECO "D85"]
[Time "19:00:33"]
[TimeControl "2700+45"]

1. d4 Nf6 2. c4 g6 3. Nc3 d5 4. cxd5 Nxd5 5. e4 Nxc3 6. bxc3 Bg7 7. Nf3 c5 8.
Be3 Nc6 9. Bb5 Bd7 10. Qd2 O-O 11. d5 Na5 12. Bxd7 Qxd7 13. Bxc5 Rfc8 14. Bd4
Nc4 15. Qc2 Na3 16. Qb3 Nb5 17. Bxg7 Kxg7 18. O-O Rxc3 19. Qb2 Rc8 20. Rac1 Qc7
21. Rxc3 Nxc3 22. Re1 f6 23. Nd4 Kf7 24. Rc1 Qc4 25. Qd2 Ke8 26. Kh1 Kd7 27. f3
Qxa2 28. Qxa2 Nxa2 29. Ra1 Rc1+ 30. Rxc1 Nxc1 31. Kg1 a5 32. Kf1 Kd6 33. Ke1 Kc5
34. Nc2 Kc4 35. Kd1 Nd3 36. Na3+ Kb3 37. Nb5 a4 38. Kd2 a3 39. Nxa3 Kxa3 40.
Kxd3 Kb3 41. f4 b5 42. e5 {Black resigns} 1-0

[Event "Team 45 45 League T60"]
[Site "Internet Chess Club"]
[Date "2014.04.05"]
[Round "6"]
[White "bluesun"]
[Black "chesskix"]
[Result "1-0"]
[WhiteElo "1428"]
[BlackElo "1336"]
[Opening "Sicilian defense"]
[ECO "B30"]
[Time "18:00:24"]
[TimeControl "2700+45"]

1. e4 c5 2. Nf3 Nc6 3. Nc3 g6 4. Bc4 Bg7 5. O-O e6 6. Re1 Nge7 7. d3 O-O 8. Nb5
a6 9. Nd6 b5 10. Bb3 Ne5 11. Bf4 N7c6 12. a4 Nxf3+ 13. Qxf3 Nd4 14. Qe3 Nxb3 15.
cxb3 e5 16. Bg5 f6 17. Qxc5 fxg5 18. Qd5+ Kh8 19. Qxa8 Qf6 20. Nxc8 Qxf2+ 21.
Kh1 Qc5 22. Rac1 Qd4 23. Qxa6 Qxb2 24. Rf1 Rxf1+ 25. Rxf1 Qe2 26. Rg1 Qxd3 27.
Qxb5 Qxe4 28. Qxd7 Qf4 29. a5 e4 30. a6 h5 31. a7 e3 32. a8=Q e2 33. Ne7+ Kh7
34. Qg8+ Kh6 35. Nf5+ {Black resigns} 1-0

[Event "Team 45 45 League T60"]
[Site "Internet Chess Club"]
[Date "2014.04.03"]
[Round "6"]
[White "kingsrook"]
[Black "MasterD"]
[Result "1-0"]
[WhiteElo "1345"]
[BlackElo "1248"]
[Opening "Nimzo-Indian: Kmoch variation"]
[ECO "E20"]
[Time "16:00:37"]
[TimeControl "2700+45"]

1. d4 Nf6 2. c4 e6 3. Nc3 Bb4 4. f3 O-O 5. a3 Bxc3+ 6. bxc3 b6 7. e3 Bb7 8. Bd3
Qe7 9. Ne2 d6 10. O-O Nbd7 11. Ng3 c5 12. Bb2 Rac8 13. Qd2 Ba6 14. Rae1 cxd4 15.
c5 Nxc5 16. Bxa6 Nxa6 17. exd4 Rc4 18. Qe2 Rfc8 19. Nf5 Qc7 20. Ne3 Rc6 21. Qxa6
Rb8 22. Qd3 Rc4 23. Nxc4 {Black resigns} 1-0

[Event "Team 45 45 League T60"]
[Site "Internet Chess Club"]
[Date "2014.04.03"]
[Round "6"]
[White "semperfi"]
[Black "HorseRadish"]
[Result "1-0"]
[WhiteElo "1382"]
[BlackElo "1475"]
[Opening "Colle system"]
[ECO "D05"]
[Time "19:33:29"]
[TimeControl "2700+45"]

1. d4 Nf6 2. Nf3 e6 3. e3 d5 4. Bd3 c5 5. c3 c4 6. Bc2 Bd6 7. Nbd2 Nc6 8. b3 b5
9. b4 a5 10. bxa5 Rxa5 11. Bb2 b4 12. O-O O-O 13. e4 Nd7 14. Qe2 f6 15. exd5
exd5 16. Qe6+ Kh8 17. Qxd6 Qb6 18. Rfe1 Ra6 19. Qf4 Na5 20. Ng5 h6 21. Qf5
{Black resigns} 1-0

[Event "Team 45 45 League T60"]
[Site "Internet Chess Club"]
[Date "2014.04.07"]
[Round "6"]
[White "Arawn"]
[Black "Aquaman"]
[Result "0-1"]
[WhiteElo "1206"]
[BlackElo "1355"]
[Opening "Caro-Kann defense"]
[ECO "B12"]
[Time "21:17:30"]
[TimeControl "2700+45"]

1. e4 c6 2. d4 d6 3. Nf3 Bg4 4. c4 Qc7 5. h3 Bh5 6. Be2 Nd7 7. Nc3 e5 8. O-O Be7
9. d5 Ngf6 10. Bg5 h6 11. Bxf6 Nxf6 12. Re1 O-O 13. dxc6 bxc6 14. b4 a6 15. a3
Bg6 16. Qc2 Nh5 17. Rad1 Nf4 18. Kf1 Nxe2 19. Rxe2 f5 20. g4 fxg4 21. Nh2 gxh3
22. Rd3 Bf7 23. Qb3 Be6 24. f3 Bg5 25. Ng4 Bxg4 26. Ke1 Bxf3 27. Rf2 Bh4 28.
Rxf3 Rxf3 {White resigns} 0-1

[Event "Team 45 45 League T60"]
[Site "Internet Chess Club"]
[Date "2014.04.06"]
[Round "6"]
[White "RobertBuice"]
[Black "Berke"]
[Result "0-1"]
[WhiteElo "1081"]
[BlackElo "1459"]
[Opening "English: symmetrical, Benoni formation"]
[ECO "A31"]
[Time "16:00:28"]
[TimeControl "2700+45"]

1. d4 Nf6 2. c4 c5 3. Nf3 g6 4. Nc3 cxd4 5. Nxd4 Bg7 6. e4 d6 7. Bg5 Qb6 8. b3
Nbd7 9. Bxf6 Bxf6 10. Nde2 Ne5 11. Na4 Qa5+ 12. Nac3 Ng4 13. Rc1 Qc5 14. f3 Qf2+
15. Kd2 Bg5+ 16. f4 Bxf4+ 17. Kc2 Ne3+ 18. Kb1 Nxd1 19. Rxd1 Be5 20. Nd5 O-O 21.
Nxe7+ Kg7 22. Nxc8 Raxc8 23. Ng3 Qb2# {White checkmated} 0-1

[Event "Team 45 45 League T60"]
[Site "Internet Chess Club"]
[Date "2014.04.07"]
[Round "6"]
[White "WzeroMN"]
[Black "artspir"]
[Result "0-1"]
[WhiteElo "1128"]
[BlackElo "1269"]
[Opening "Caro-Kann defense"]
[ECO "B10"]
[Time "15:02:28"]
[TimeControl "2700+45"]

1. e4 c6 2. Nf3 d5 3. d3 e6 4. exd5 cxd5 5. d4 Nf6 6. Bg5 Be7 7. Bb5+ Nc6 8.
Bxc6+ bxc6 9. O-O Ba6 10. Re1 O-O 11. Nbd2 h6 12. Bf4 c5 13. c3 cxd4 14. Nxd4
Rc8 15. Be5 Kh8 16. Qa4 Qb6 17. Qb3 Qxb3 18. axb3 Bd3 19. Rxa7 Rfe8 20. Ra6 Ng4
21. Bg3 Bxa6 {White resigns} 0-1

[Event "Team 45 45 League T60"]
[Site "Internet Chess Club"]
[Date "2014.04.03"]
[Round "6"]
[White "fuzzface"]
[Black "SeniorCitizen"]
[Result "0-1"]
[WhiteElo "1317"]
[BlackElo "1271"]
[Opening "Torre attack (Tartakower variation)"]
[ECO "D03"]
[Time "13:00:11"]
[TimeControl "2700+45"]

1. d4 d5 2. Nf3 Nf6 3. Bg5 e6 4. e3 Be7 5. Nc3 O-O 6. Bd3 Nbd7 7. O-O c5 8. Bxf6
Nxf6 9. b3 cxd4 10. exd4 Bd7 11. Ne2 a6 12. c4 Bc6 13. Ne5 Qc7 14. Nxc6 bxc6 15.
g3 dxc4 16. bxc4 c5 17. d5 exd5 18. cxd5 Nxd5 19. Be4 Rad8 20. Bxd5 Qd6 21. Nc3
Bf6 22. Bxf7+ Kxf7 23. Qxd6 Rxd6 24. Rac1 Rfd8 25. Ne4 Rd5 26. Nxc5 Bg5 27. Rc2
Rc8 28. Nxa6 Rxc2 29. Nb4 Rdc5 30. Nxc2 Rxc2 31. Rb1 Rxa2 32. Rb7+ Kg6 33. Rb6+
Bf6 34. Kg2 h6 35. h4 Kh7 36. Kf3 Bd4 37. Re6 Bxf2 38. h5 Bd4 39. Re2 Ra3+ 40.
Kg4 Bf6 41. Kf4 Bg5+ 42. Kg4 Ra5 43. Kf3 Ra4 44. Re4 Rxe4 45. Kxe4 Kg8 46. Kf5
Kf7 47. g4 Ke7 48. Kg6 Bf6 49. Kf5 Kf7 50. Ke4 Ke6 51. Kf4 Bg5+ 52. Ke4 Kf6 53.
Kd5 Bf4 54. Ke4 Kg5 55. Kf3 Bb8 {White resigns} 0-1

[Event "Team 45 45 League T60"]
[Site "Internet Chess Club"]
[Date "2014.04.04"]
[Round "6"]
[White "medsurg"]
[Black "tamky70"]
[Result "1/2-1/2"]
[WhiteElo "1329"]
[BlackElo "1361"]
[Opening "King's Indian: 5.Be2"]
[ECO "E73"]
[Time "19:30:29"]
[TimeControl "2700+45"]

1. d4 Nf6 2. c4 g6 3. Nc3 Bg7 4. e4 d6 5. Be2 O-O 6. Bf4 a6 7. Nf3 Bg4 8. h3
Bxf3 9. Bxf3 Nc6 10. O-O e5 11. dxe5 Nxe5 12. Bxe5 dxe5 13. Qb3 Rb8 14. Rad1 Qe7
15. Nd5 Nxd5 16. Rxd5 c6 17. Rd3 Rfd8 18. Rfd1 b5 19. cxb5 cxb5 20. Rd5 Rxd5 21.
Rxd5 Rd8 22. Qd3 Rxd5 23. Qxd5 Qc7 24. Qa8+ Bf8 25. Qd5 Qc1+ 26. Kh2 Qxb2 27.
Kg3 Qd4 28. Qa8 Qd6 29. Qc8 Kg7 30. h4 a5 31. Bg4 b4 32. Qc2 Qc5 33. Qxc5 Bxc5
34. Bd7 h5 35. Ba4 Kf6 36. Kf3 g5 37. hxg5+ Kxg5 38. Bc2 h4 39. Ke2 Kf4 40. f3
f6 41. Bb3 Bd4 42. Bc2 Kg3 43. Kf1 h3 44. gxh3 Kxf3 45. h4 Kg4 46. Kg2 Kxh4 47.
Kf3 Kg5 48. Bb3 f5 49. Bc2 fxe4+ 50. Kxe4 Kh4 51. Kf3 Bc3 52. Bd1 Kg5 53. Bc2
Kf6 54. Ke4 Ke6 55. Bb3+ Kd6 56. Kd3 Kc5 57. a3 Bd4 58. a4 Bc3 59. Ke4 Bd4 60.
Bd5 Kd6 61. Bb3 Kc6 62. Bd5+ Kc5 63. Bb3 {Game drawn by mutual agreement}
1/2-1/2

[Event "Team 45 45 League T60"]
[Site "Internet Chess Club"]
[Date "2014.04.05"]
[Round "6"]
[White "Rococo"]
[Black "tcianciola"]
[Result "0-1"]
[WhiteElo "1307"]
[BlackElo "1299"]
[Opening "King's Indian: London system"]
[ECO "A45"]
[Time "09:01:31"]
[TimeControl "2700+45"]

1. d4 Nf6 2. Bf4 g6 3. Nf3 Bg7 4. e3 O-O 5. Bd3 d5 6. c3 Bg4 7. Nbd2 Nbd7 8. Qc2
c5 9. h3 Bxf3 10. Nxf3 c4 11. Be2 Ne4 12. h4 Re8 13. Ng5 e5 14. Nxe4 exf4 15.
Nd2 fxe3 16. fxe3 Rxe3 17. Nf1 Re4 18. O-O-O Qe7 19. Re1 Bf6 20. g3 Re8 21. Rh2
b5 22. Qd1 b4 23. Nd2 Re3 24. Nf1 Re4 25. Nd2 Re3 26. Nf1 Re6 27. Nd2 bxc3 28.
bxc3 Qa3+ 29. Kb1 Rb6+ 30. Ka1 Qb2# {White checkmated} 0-1

[Event "Team 45 45 League T60"]
[Site "Internet Chess Club"]
[Date "2014.04.05"]
[Round "6"]
[White "rgadoury"]
[Black "wildangels"]
[Result "1-0"]
[WhiteElo "1309"]
[BlackElo "1089"]
[Opening "Sicilian: Steinitz variation"]
[ECO "B20"]
[Time "19:01:52"]
[TimeControl "2700+45"]

1. e4 c5 2. g3 Nc6 3. c3 e6 4. Bg2 d5 5. exd5 exd5 6. Qe2+ Be7 7. Nf3 Nf6 8. O-O
c4 9. d3 b5 10. Be3 O-O 11. Nd4 Bd7 12. dxc4 bxc4 13. Bg5 Nxd4 14. cxd4 Re8 15.
Qd2 Ne4 16. Bxe4 dxe4 17. Bxe7 Rxe7 18. Nc3 Bc6 19. Rfe1 Qd7 20. Rad1 Qf5 21. d5
Bb7 22. f4 Rae8 23. Re3 Rd7 24. Qe2 Bxd5 25. Nxd5 Rxd5 26. Rxd5 Qxd5 27. Kg2 f5
28. Qc2 Qd4 29. Kf2 Rc8 30. Qc3 Qxc3 31. bxc3 Rd8 32. Ke2 h5 33. h4 Rb8 34. Kf1
Rb1+ 35. Re1 Rb2 36. Re2 Rb1+ 37. Re1 Rb2 38. Re2 Rb8 39. Kf2 Kf7 40. Rd2 Ke7
41. Ke3 a5 42. Rd5 g6 43. Rxa5 Rd8 44. Ra7+ Kf8 45. Rc7 Rd3+ 46. Kf2 e3+ 47. Ke2
Rxc3 48. Ra7 Rc2+ 49. Kxe3 Rb2 50. Ra3 Rc2 51. Kd4 Rg2 52. Kxc4 Rc2+ 53. Kd5 Ke7
54. Ra7+ Kf6 55. Ra6+ Ke7 56. Rxg6 Rd2+ 57. Ke5 Rxa2 58. Re6+ Kf7 59. Kxf5 Rg2
60. Rf6+ Kg7 61. Rg6+ Kh7 62. Rg5 Kh6 63. Kf6 Kh7 64. Rxh5+ Kg8 65. Rg5+ Kh7 66.
Kf5 Rc2 67. h5 Kh6 68. g4 Rc5+ 69. Ke4 Kh7 70. Rxc5 Kh6 71. Rc6+ Kh7 72. Kf5 Kg7
73. g5 Kf7 74. h6 Ke8 75. h7 Kd7 {Black resigns} 1-0

[Event "Team 45 45 League T60"]
[Site "Internet Chess Club"]
[Date "2014.04.04"]
[Round "6"]
[White "leopardc"]
[Black "zap2"]
[Result "0-1"]
[WhiteElo "1560"]
[BlackElo "1724"]
[Opening "Caro-Kann defense"]
[ECO "B10"]
[Time "08:16:01"]
[TimeControl "2700+45"]

1. e4 c6 2. f4 d5 3. exd5 cxd5 4. Nf3 Bf5 5. d4 Nf6 6. Bb5+ Nbd7 7. O-O a6 8.
Bd3 Bxd3 9. cxd3 e6 10. Ne5 Qb6 11. Qa4 Bd6 12. Nd2 Rd8 13. Ndf3 O-O 14. h3 Bb8
15. b4 Nxe5 16. fxe5 Bxe5 17. Be3 Bd6 18. Kh1 Nh5 19. Rfe1 Bg3 20. Rec1 Bf4 21.
Bxf4 Nxf4 22. Qb3 Ne2 23. Rc5 Qd6 24. Qc2 Ng3+ 25. Kg1 Qf4 26. Re1 Nf5 27. Qf2
Rc8 28. g4 Rxc5 29. bxc5 Ne7 30. Ne5 Qxf2+ 31. Kxf2 f6 32. Nd7 Rd8 33. Nb6 Kf7
34. a4 Nc6 35. Ke3 g5 {White resigns} 0-1

[Event "Team 45 45 League T60"]
[Site "Internet Chess Club"]
[Date "2014.04.03"]
[Round "6"]
[White "Tjet"]
[Black "pauliewoll"]
[Result "1/2-1/2"]
[WhiteElo "1481"]
[BlackElo "1541"]
[Opening "English: symmetrical variation"]
[ECO "A30"]
[Time "16:06:39"]
[TimeControl "2700+45"]

1. c4 c5 2. e4 e5 3. d3 Nc6 4. Nf3 Nf6 5. g3 g6 6. Bg2 Bg7 7. O-O d6 8. Nc3 O-O
9. h3 Ne8 10. Be3 f5 11. exf5 Bxf5 12. Qd2 Qd7 13. Kh2 Nf6 14. Nh4 Be6 15. f4
exf4 16. Bxf4 Nd4 17. Rf2 Nh5 18. Raf1 Nxf4 19. gxf4 Rxf4 20. Rxf4 Be5 21. Bd5
Rf8 22. Bxe6+ Nxe6 23. Ng2 Nxf4 24. Nxf4 g5 25. Nd5 gxf4 26. Qg2+ Kh8 27. Rf3
Qg7 28. b3 Qxg2+ 29. Kxg2 Rg8+ 30. Kh2 Rg3 31. Rxg3 fxg3+ 32. Kg2 Kg7 33. Ne3
Kf6 34. Nf1 a5 35. Nxg3 Bxg3 36. Kxg3 Ke5 37. Kg4 {Game drawn by mutual
agreement} 1/2-1/2

[Event "Team 45 45 League T60"]
[Site "Internet Chess Club"]
[Date "2014.04.03"]
[Round "6"]
[White "kMorra"]
[Black "SATELLITE-DAN"]
[Result "0-1"]
[WhiteElo "1375"]
[BlackElo "1663"]
[Opening "Danish gambit"]
[ECO "C21"]
[Time "03:00:18"]
[TimeControl "2700+45"]

1. e4 e5 2. d4 exd4 3. c3 dxc3 4. Bc4 Nf6 5. Nxc3 Bb4 6. Nf3 O-O 7. O-O Bxc3 8.
bxc3 Nxe4 9. Ne5 d5 10. Qxd5 Qxd5 11. Bxd5 Nxc3 12. Bb3 Ne2+ 13. Kh1 Nxc1 14.
Raxc1 c6 15. Rfe1 Be6 16. Rc3 Nd7 17. Bxe6 Nxe5 18. Rxe5 fxe6 19. Kg1 Rad8 20.
Rc2 Rd1+ {White resigns} 0-1